 Dungeon Crawl Stone Soup version 0.27-a0-824-gca8104f8d5 (webtiles) character file.

Game seed: 17027521549934670243

372 Bapho the Ruffian (level 6, -3/59 HPs)
             Began as a Troll Monk on Mar 30, 2021.
             Killed by divine providence
             ... invoked by an orc priest
              (10 damage)
             ... on level 4 of the Dungeon.
             The game lasted 00:10:32 (2737 turns).

Bapho the Ruffian (Troll Monk)                      Turns: 2737, Time: 00:10:33

Health: -3/59      AC:  4    Str: 20    XL:     6   Next: 43%
Magic:  5/5        EV: 10    Int:  8    God:
Gold:   158        SH:  0    Dex: 12    Spells: 5/5 levels left

rFire    + . .     SeeInvis .     - Unarmed
rCold    + . .     Faith    .   (no shield)
rNeg     . . .     Spirit   .   a - +0 robe
rPois    .         Reflect  .   (helmet restricted)
rElec    .         Harm     .   (no cloak)
rCorr    .         Rampage  .   (gloves unavailable)
Will     .....                  (boots unavailable)
Stlth    ++........             (no amulet)
HPRegen  1.19/turn              i - ring of protection from cold
MPRegen  0.09/turn              k - ring of protection from fire

@: no status effects
A: large, unfitting armour, claws 3, regeneration 1, shaggy fur 1, tough skin 1
a: no special abilities


You were on level 4 of the Dungeon.
You visited 1 branch of the dungeon, and saw 4 of its levels.

You collected 158 gold pieces.

Inventory:

Missiles
 g - 46 stones (quivered)
 l - 12 poisoned darts
Armour
 a - a +0 robe (worn)
Jewellery
 i - a ring of protection from cold (left claw)
 k - a ring of protection from fire (right claw)
 m - an amulet of magic regeneration
 o - a ring of resist corrosion
Scrolls
 d - a scroll of fear
 e - 2 scrolls of noise {unknown}
 h - a scroll of teleportation {unknown}
 j - 3 scrolls of amnesia {unknown}
 p - a scroll of vulnerability {unknown}
 q - a scroll of identify
Potions
 b - a potion of heal wounds {unknown}
 c - a potion of brilliance
 f - 6 potions of curing
 n - 2 potions of degeneration {unknown}


   Skills:
 - Level 2.4 Fighting
 - Level 2.4 Dodging
 - Level 1.0 Stealth
 + Level 7.3 Unarmed Combat


You had 5 spell levels left.
You didn't know any spells.
Your spell library contained the following spells:

 Spells                   Type           Power      Damage    Failure   Level
 Animate Skeleton         Necr           0%         N/A       41%         1
 Apportation              Tloc           0%         N/A       41%         1
 Beastly Appendage        Tmut           0%         N/A       41%         1
 Corona                   Hex            0%         N/A       41%         1
 Summon Small Mammal      Summ           0%         N/A       41%         1
 Wereblood                Tmut           0%         N/A       54%         2
 Spider Form              Tmut/Pois      0%         N/A       78%         3
 Ice Form                 Ice/Tmut       0%         N/A       99%         4
 Hydra Form               Tmut           0%         N/A       100%        5


Dungeon Overview and Level Annotations

Branches:
Dungeon (4/15)
 Temple: D:4-7

Altars:
Elyvilon
Fedhas
Kikubaaqudgha
Makhleb

Annotations:
D:4 Pikel


Innate Abilities, Weirdness & Mutations

You are too large for most types of armour.
You have claws for hands.
Your natural rate of healing is unusually fast.
You are covered in fur. (AC +1)
You have tough skin. (AC +1)


Message History

The orc priest looks encouraged for a moment.
The orc closely misses you. The orc hits you but does no damage.
The orc misses you.
Pikel hits you with a +2 whip of flaming.
Pikel burns you.
You claw Pikel!
Pikel is moderately wounded.
The orc hits you but does no damage.
Pikel hits you with a +2 whip of flaming.
Pikel burns you. The orc hits you but does no damage.
You scratch Pikel.
Pikel is moderately wounded.
The lemure hits you. The orc barely misses you.
You closely miss Pikel.
Pikel is moderately wounded.
Pikel hits you with a +2 whip of flaming.
Pikel burns you. The orc barely misses you. The lemure closely misses you.
The orc hits you from afar with a +0 trident.
The orc priest barely misses you.
You closely miss Pikel.
Pikel is moderately wounded.
Pikel hits you with a +2 whip of flaming.
Pikel burns you. The orc hits you with a +0 flail.
The lemure barely misses you.
The orc hits you from afar with a +0 trident.
The orc priest hits you from afar with a +0 trident.
You scratch Pikel but do no damage.
Pikel is moderately wounded.
Pikel hits you with a +2 whip of flaming!
Pikel burns you.
* * * LOW HITPOINT WARNING * * *
The orc closely misses you. The lemure hits you.
* * * LOW HITPOINT WARNING * * *
The lemure hits you but does no damage.
The orc hits you from afar with a +0 trident!
* * * LOW HITPOINT WARNING * * *
The orc priest mumbles some strange prayers to Beogh against you.
Beogh smites you!
You die...

#..####.......#.......##
#...# ###..#...........#
.#..... ##.##..........#
..#.###.##....#........#
..... ..##...#........##
..#.............##...####
..####..........###......
....##..........###......
...............5@#.......
..............oK.o.......
##...#.......o5{5##......
...)..........o.o.# .....
.#.....#...###.5#..# ....
................##.# ...
.#.⌠.⌠.#......#..#... ..
............#....#.... #
.#.....#....####.# ..##


You could see Pikel, 4 lemures, 2 orc priests and 3 orcs.

Vanquished Creatures
  A black bear (D:4)
  A hound (D:4)
  An orc wizard (D:4)
  An iguana (D:4)
  4 gnolls (D:2)
  3 adders
  An adder skeleton (D:4)
  2 worms (D:2)
  3 dart slugs
  12 orcs
  10 endoplasms
  2 giant cockroaches (D:1)
  4 goblins
  7 hobgoblins
  6 jackals (D:2)
  6 quokkas
  8 ball pythons
  6 bats
  8 frilled lizards
  12 kobolds
  8 rats
106 creatures vanquished.

Notes
Turn   | Place    | Note
-------+----------+-------------------------------------------
     0 | D:1      | Bapho the Troll Monk began the quest for the Orb.
     0 | D:1      | Reached XP level 1. HP: 22/22 MP: 0/0
    74 | D:1      | Reached XP level 2. HP: 29/29 MP: 1/1
   335 | D:1      | Reached skill level 4 in Unarmed Combat
   572 | D:1      | Reached XP level 3. HP: 36/36 MP: 2/2
  1127 | D:2      | Reached skill level 5 in Unarmed Combat
  1127 | D:2      | Reached XP level 4. HP: 28/44 MP: 3/3
  1172 | D:2      | Found a faded altar of an unknown god.
  1211 | D:2      | Found a burning altar of Makhleb.
  1583 | D:2      | Noticed an Executioner
  1928 | D:3      | Reached XP level 5. HP: 48/50 MP: 4/4
  1955 | D:3      | Found a blossoming altar of Fedhas.
  1956 | D:3      | Found an ancient bone altar of Kikubaaqudgha.
  2316 | D:4      | Noticed a black bear
  2321 | D:4      | Reached skill level 6 in Unarmed Combat
  2324 | D:4      | Killed a black bear
  2328 | D:4      | Reached XP level 6. HP: 49/59 MP: 5/5
  2372 | D:4      | Reached skill level 7 in Unarmed Combat
  2621 | D:4      | Found a white marble altar of Elyvilon.
  2713 | D:4      | Noticed Pikel
  2737 | D:4      | Killed from afar by an orc priest

Illustrated notes

Levels and vault maps discovered:
D:1:      dpeg_arrival_line_fractal, layout_basic, serial_bayou,
          serial_bayou_ford_a, serial_bayou_shore_a, serial_bayou_lake_a,
          serial_bayou_pond_e, serial_bayou_pond_a, minmay_tall_x
D:2:      layout_loops_ring, makhleb_altar_promises_db,
          chequers_ecumenical_altar_simple_redux
D:3:      layout_rooms, grunt_temple_overflow_growth_and_decay
D:4:      layout_rooms, elyvilon_altar_5, uniq_pikel

Skill      XL: |  1  2  3  4  5  6 |
---------------+-------------------+-----
Unarmed Combat | 4 5 6 7 |  7.3
Fighting       | |  2.4
Dodging        | |  2.4
Stealth        | |  1.0

Action                   |  1- 3 |  4- 6 || total
-------------------------+-------+-------++-------
Melee: Unarmed           |   114 |   135 ||   249
       Punch             |       |     2 ||     2
Throw: Stone             |    60 |   165 ||   225
  Use: Scroll            |       |     3 ||     3
 Stab: Sleeping          |     1 |       ||     1
Armor: Robe              |    32 |    41 ||    73
Dodge: Dodged            |    42 |    64 ||   106

Table legend: (Time is in decaauts)
 A = Elapsed time spent in this place.
 B = Non-inter-level travel time spent in this place.
 C = Inter-level travel time spent in this place.
 D = Time resting spent in this place.
 E = Time spent auto-exploring this place.
 F = Levels seen in this place.
 G = Mean time per level.
                   A        B        C        D        E       F      G
               +--------+--------+--------+--------+--------+-----+--------+
         Total |   2788 |   2704 |     84 |      0 |   1950 |   4 |  697.0 |
       Dungeon |   2788 |   2704 |     84 |      0 |   1950 |   4 |  697.0 |
               +--------+--------+--------+--------+--------+-----+--------+

Top non-repeatable levels by time:
     D:1: 896 daAuts
     D:2: 865 daAuts
     D:3: 544 daAuts
     D:4: 482 daAuts
